cohdb
Replays
Latest Replays
All Replays
Popular Replays
Top Player Replays
Match Explorer
How It Works
Community
CoH3 Stats
Reddit
Sign in to upload your games and track your stats! →
Sign in with Steam
Match 26152732
Unlisted
Match 26152732
Overview
Messages
Build Orders
End
Kradschützen Motorcycle Team
Selects Italian Combined Arms Battlegroup
Selects Bersaglieri Squad
Bersaglieri Squad
Bersaglieri Squad
Construct Light Support Kompanie
Fire Support Elements
Flakvierling Half-track
Vehicle Survival Package
Tungsten Core Ammunition
2.5-tonne Medical Truck
le.IG 18 Support Gun Team
le.IG 18 Support Gun Team
Pak 38 Anti-tank Gun Team
Selects Semovente da 75/18 Assault Gun
Construct Panzerarmee Kommand
Rapid Advance
Emergency Repair Kits
Armored Reserves
Selects Strafing Run
Selects Pact of Steel
Selects Bersaglieri Bolster
Lancicek
Pan1kss
ConcernedApe
BigGunBand
0
0
Comments
sign in to comment!
No comments posted yet!